 Dungeon Crawl Stone Soup version 0.24.0-41-g2ae2f7f1be (console) character file.

Game seed: 8700539812029968917, levelgen mode: deterministic

193 Kagalorn the Ruffian (level 5, -2/40 HPs)
             Began as a Draconian Transmuter on Dec 9, 2019.
             Was an Initiate of Okawaru.
             Slain by an orc wizard
             ... wielding a cursed -3 trident
              (6 damage)
             ... on level 3 of the Dungeon.
             The game lasted 00:08:27 (2945 turns).

Kagalorn the Ruffian (Draconian Transmuter)         Turns: 2945, Time: 00:08:27

Health: -2/40      AC:  3    Str: 12    XL:     5   Next: 44%
Magic:  6/8        EV: 12    Int: 15    God:    Okawaru [......]
Gold:   165        SH:  0    Dex: 11    Spells: 4/8 levels left

rFire    . . .     SeeInvis .     - Unarmed
rCold    . . .     Gourm    .   (no shield)
rNeg     . . .     Faith    .   (armour unavailable)
rPois    .         Spirit   .   (helmet restricted)
rElec    .         Reflect  .   (no cloak)
rCorr    .         Harm     .   h - +0 pair of gloves {archery}
MR       .....                  m - +0 pair of boots
Stlth    +.........             (no amulet)
HPRegen  0.13/turn              (no ring)
MPRegen  0.11/turn              (no ring)

@: confused, corroded
A: unfitting armour, cold-blooded, AC +5
a: Renounce Religion


You were on level 3 of the Dungeon.
You worshipped Okawaru.
Okawaru was noncommittal.
You were hungry.

You visited 1 branch of the dungeon, and saw 3 of its levels.

You collected 165 gold pieces.

Inventory:

Armour
 h - a +0 pair of gloves of archery (worn)
 m - a +0 pair of boots (worn)
Scrolls
 a - a scroll of remove curse {unknown}
 b - a scroll of immolation {unknown}
 d - a scroll of teleportation {unknown}
 f - a scroll of identify {unknown}
 l - 5 scrolls of fog {unknown}
 n - a scroll of random uselessness {unknown}
 p - 3 scrolls of blinking {unknown}
 r - a scroll of enchant weapon {unknown}
Potions
 e - 2 potions of degeneration {unknown}
 g - 2 potions of mutation {unknown}
 j - 3 potions of lignification {unknown}
 k - a potion of flight {unknown}
 o - a potion of curing {unknown}
 q - a potion of haste {unknown}
Comestibles
 c - 9 rations
 i - a chunk of flesh


   Skills:
 - Level 1.1 Fighting
 - Level 1.7 Dodging
 - Level 5.0 Unarmed Combat
 - Level 2.0 Spellcasting
 * Level 3.7 Transmutations
 * Level 1.4 Invocations


You had 4 spell levels left.
You knew the following spells:

 Your Spells              Type           Power        Failure   Level  Hunger
a - Beastly Appendage     Tmut           ##....       4%          1    #......
b - Spider Form           Tmut/Pois      #.........   30%         3    ###....

Your spell library contained the following spells:

 Spells                   Type           Power        Failure   Level  Hunger
 Sticks to Snakes         Tmut           ##......     7%          2    ###....
 Ice Form                 Ice/Tmut       #.......     71%         4    #####..
 Blade Hands              Tmut           ##........   78%         5    ######.


Dungeon Overview and Level Annotations

Branches:
Dungeon (3/15)

Altars:
Gozag
Nemelex Xobeh
Okawaru
Ru

Annotations:
D:3 3 runed translucent doors, FishyPogo's ghost, weakling GnSk


Innate Abilities, Weirdness & Mutations

Your plain brown scales are hard. (AC +5)
You cannot fit into any form of body armour.
You are cold-blooded and may be slowed by cold attacks.


Message History

The orc wizard hits you with a cursed -3 trident!
* * * LOW HITPOINT WARNING * * *
You barely miss the orc wizard.
The orc wizard gestures wildly while chanting.
The orc wizard flickers and vanishes!
Deactivating autopickup; reactivate with Ctrl-A.
You hear some strange, mumbled words.
You are confused.
You bump into the stone wall.
Something hits you.
* * * LOW HITPOINT WARNING * * *
You hear a zap.
A bolt of acid appears from out of thin air!
The bolt of acid misses you.
You bump into the stone wall.
You bump into the stone wall.
Your transformation has ended.
Your +0 pair of gloves of archery unmelds from your body.
Your +0 pair of boots unmelds from your body.
You feel that your aim is more steady. Something hits you.
You die...

.#.#####.##.#.....####.###...#...
.....................{...........
##.#####.####.....#####.#.####...
#.# #..........#.......# #...
#.#######........#.##....# #...
##)#...(".))..............# #...
...#....(.................## ####
####...###<##########......# #
...(...#........@...#......## #
.###...#.##########.#....#..# #
.# #...#)# .#....##.## # .#
#...#.# .#........# # .###...#.#
##...##...#.#.## # .......#.#
8...8#...#.#..# # ######.#.#
#...##...#.##.### ##...###.#
#...##...#.##..## #..8..##.#
##...##...#.###.##


There were no monsters in sight!

Vanquished Creatures
  An orc priest (D:3)
  An orc wizard (D:3)
  3 adders (D:2)
  3 worms
  2 dart slugs (D:1)
  3 leopard geckos
  11 orcs (D:3)
  11 bats
  4 giant cockroaches
  11 goblins
  11 hobgoblins
  2 jackals (D:1)
  A quokka (D:3)
  A ball python (D:2)
  7 frilled lizards
  6 kobolds
  2 rats
80 creatures vanquished.

Notes
Turn   | Place    | Note
-------+----------+-------------------------------------------
     0 | D:1      | Kagalorn the Draconian Transmuter began the quest for the
                  | Orb.
     0 | D:1      | Reached XP level 1. HP: 16/16 MP: 3/3
    87 | D:1      | Reached XP level 2. HP: 20/23 MP: 5/5
   705 | D:1      | Reached XP level 3. HP: 28/28 MP: 4/6
   726 | D:1      | Reached skill level 4 in Unarmed Combat
  1064 | D:2      | Found a faded altar of an unknown god.
  1326 | D:2      | Reached XP level 4. HP: 35/35 MP: 5/7
  1916 | D:3      | Found a sacrificial altar of Ru.
  1918 | D:3      | Found an iron altar of Okawaru.
  1943 | D:3      | Became a worshipper of Warmaster Okawaru
  2040 | D:3      | Found a runed translucent gate.
  2040 | D:3      | Found a runed translucent gate.
  2040 | D:3      | Noticed FishyPogo's ghost (weakling GnSk)
  2041 | D:3      | Found a runed translucent gate.
  2041 | D:3      | Noticed a big kobold
  2041 | D:3      | Identified the cursed +3 whip of Gaeqoom {elec, SInv
                  | Stlth+}
  2068 | D:3      | Reached skill level 5 in Unarmed Combat
  2137 | D:3      | Reached skill level 1 in Invocations
  2137 | D:3      | Reached XP level 5. HP: 30/40 MP: 8/8
  2729 | D:3      | Learned a level 3 spell: Spider Form
  2852 | D:3      | Found a sparkling altar of Nemelex Xobeh.
  2853 | D:3      | Found an opulent altar of Gozag.
  2945 | D:3      | Slain by an orc wizard

Levels and vault maps discovered:
D:1:      mushboom_english_gardens, layout_basic, serial_bayou_ford_a
D:2:      layout_basic, chequers_ecumenical_altar_simple_redux
D:3:      layout_basic, grunt_temple_overflow_opulence,
          grunt_temple_overflow_open, serial_corexii_hall,
          chequers_hall_statues_wall_a, corexii_hall_statues_x,
          gammafunk_ghost_nasty_kobolds

Skill      XL: |  1  2  3  4 |
---------------+-------------+-----
Unarmed Combat | 4 5 |  5.0
Transmutations | 3 |  3.7
Invocations    | 1 |  1.4
Fighting       | |  1.1
Dodging        | |  1.7
Spellcasting   | |  2.0

Action                   |  1- 3 |  4- 6 || total
-------------------------+-------+-------++-------
Melee: Unarmed           |   123 |   153 ||   276
       Tailslap          |    14 |    14 ||    28
       Headbutt          |     7 |     5 ||    12
       Kick              |    10 |       ||    10
       Punch             |     1 |       ||     1
 Cast: Beastly Appendage |    17 |    15 ||    32
       Spider Form       |       |     1 ||     1
  Eat: Chunk             |     2 |     5 ||     7
Armor: Skin              |    42 |    50 ||    92
Dodge: Dodged            |    80 |    79 ||   159
